 Dungeon Crawl Stone Soup version 0.31.0-11-ge490571c62 (webtiles) character file.

Game seed: 716818128337855467

149 qw the Skirmisher (level 5, -1/29 HPs)
             Began as a Deep Elf Hunter on Feb 4, 2024.
             Slain by an orc
             ... wielding a +0 hand axe
              (5 damage)
             ... on level 3 of the Dungeon.
             The game lasted 00:00:08 (1937 turns).

qw the Skirmisher (Deep Elf Hunter)                 Turns: 1937, Time: 00:00:09

Health: -1/29      AC:  6    Str: 10    XL:     5   Next: 9%
Magic:  7/7        EV:  9    Int: 14    God:
Gold:   32         SH:  0    Dex: 18    Spells: 4/4 levels left

rFire   . . .        a - +0 shortbow
rCold   . . .        (shield currently unavailable)
rNeg    . . .        e - +0 scale mail
rPois   .            (no helmet)
rElec   .            (no cloak)
rCorr   .            (no gloves)
SInv    .            (no boots)
Will    .....        (no amulet)
Stlth   +            (no ring)
HPRegen 0.24/turn    (no ring)
MPRegen 0.10/turn

%: no passive effects
@: on fire, glowing
A: no striking features
a: no special abilities


You were on level 3 of the Dungeon.
You visited 1 branch of the dungeon, and saw 3 of its levels.

You collected 152 gold pieces.
You spent 120 gold pieces at shops.


   Skills:
 - Level 1.5 Fighting
 + Level 8.5 Ranged Weapons
 - Level 2.4 Dodging
 - Level 1.2 Stealth


You had 4 spell levels left.
You didn't know any spells.
Your spell library was empty.

Inventory:

Hand Weapons
 a - a +0 shortbow (weapon)
Armour
 c - a +0 ring mail
 e - a +0 scale mail (worn)
Potions
 b - a potion of attraction {unknown}
 f - 3 potions of curing
 g - 2 potions of haste {unknown}
 h - a potion of ambrosia {unknown}
 j - a potion of magic {unknown}
 l - a potion of invisibility {unknown}
 m - a potion of might {unknown}

Dungeon Overview and Level Annotations

Branches:
Dungeon (3/15)

Altars:

Shops:
D:3 [


Message History

You shoot an arrow. The orc shouts!
The arrow hits the orc.
You kill the orc!
You shoot an arrow. The arrow hits the orc!
You kill the orc!
You shoot an arrow. The arrow hits the bombardier beetle!
The bombardier beetle is moderately wounded.
You shoot an arrow. The arrow hits the bombardier beetle.
The bombardier beetle is heavily wounded.
A goblin comes into view. It is wielding a +0 dagger.
The bombardier beetle closely misses you.
You shoot an arrow.
The arrow closely misses the bombardier beetle.
The bombardier beetle bites you but does no damage.
You shoot an arrow. The arrow hits the bombardier beetle.
The bombardier beetle is severely wounded.
The orc hits you with a +0 hand axe. The orc barely misses you.
A hobgoblin comes into view.
You shoot an arrow. The arrow hits the bombardier beetle.
The bombardier beetle is almost dead.
The bombardier beetle sprays incendiary fluid at you.
The burning spray hits you.
You are covered in liquid fire!
The orc barely misses you.
You shoot an arrow. The arrow hits the bombardier beetle.
The bombardier beetle is almost dead.
The liquid fire burns you! The orc closely misses you.
The bombardier beetle bites you.
You shoot an arrow. The arrow hits the bombardier beetle.
You kill the bombardier beetle!
The liquid fire burns you! The orc barely misses you.
The goblin hits you with a +0 dagger. The orc hits you with a +0 hand axe.
You have reached level 5!
You shoot an arrow. The arrow hits the orc.
The orc is almost dead.
The liquid fire burns you! The orc hits you with a +0 hand axe.
You die...

...###.........# #... #.##
...............#####... ....
............................
.....................#......
...##...####.#..######......
.............(....... .
##.########......##. #
######..........
#.....@)###...##
...##..go......(.
#%#)......... ......g......[
#.#.#......... . ..
............ ..
...#......... . ...
..>....... ..>. .......


You could see an orc, a hobgoblin and a goblin.

Vanquished Creatures
  A bombardier beetle (D:3)
  4 adders (D:2)
  A ribbon worm (D:2)
  3 dart slugs
  3 orcs (D:3)
  5 ball pythons
  6 bats
  4 endoplasms
  3 giant cockroaches
  5 goblins
  8 hobgoblins
  2 jackals (D:1)
  3 quokkas
  4 frilled lizards
  9 kobolds
  5 rats
66 creatures vanquished.

Notes
Turn   | Place    | Note
-------+----------+-------------------------------------------
     0 | D:1      | qw the Deep Elf Hunter began the quest for the Orb.
     0 | D:1      | Reached XP level 1. HP: 12/12 MP: 3/3
     0 | D:1      | 0 ||| qw: Version: 0.3-a-160-g6735b56
     0 | D:1      | 0 ||| qw: Game counter: 5807
     0 | D:1      | 0 ||| qw: Melee chars always use a shield: true
     0 | D:1      | 0 ||| qw: God list: Okawaru
     0 | D:1      | 0 ||| qw: Allow faded altars: false
     0 | D:1      | 0 ||| qw: Do Orc after clearing Dungeon:15 true
     0 | D:1      | 0 ||| qw: Do second Lair branch before Depths: true
     0 | D:1      | 0 ||| qw: Lair rune preference: random
     0 | D:1      | 0 ||| qw: Goals: Normal
     0 | D:1      | 0 ||| PLANNING D:1-11
   133 | D:1      | Reached XP level 2. HP: 12/16 MP: 4/4
   134 | D:1      | Reached skill level 6 in Ranged Weapons
   509 | D:1      | Reached XP level 3. HP: 20/20 MP: 5/5
   940 | D:1      | 940 ||| UPGRADING to +0 scale mail.
   950 | D:1      | 950 ||| DROPPING +0 leather armour.
   951 | D:1      | 951 ||| READING scroll labelled XOOREZITUU.
   952 | D:1      | 952 ||| READING scroll labelled HYUTIE QOAGATU.
   952 | D:1      | 952 ||| IDENTIFYING orange potion
   953 | D:1      | 953 ||| DROPPING scroll of butterflies.
  1069 | D:2      | Reached skill level 7 in Ranged Weapons
  1431 | D:2      | Reached XP level 4. HP: 25/25 MP: 6/6
  1764 | D:2      | 1764 ||| DROPPING amulet of magic regeneration.
  1765 | D:2      | 1765 ||| READING scroll labelled TAF PIFOACAD.
  1765 | D:2      | 1765 ||| ENCHANTING +0 shortbow.
  1766 | D:2      | 1766 ||| READING scroll labelled FELOZX YCEOTO.
  1767 | D:2      | 1767 ||| DRINKING 2 pink potions.
  1785 | D:2      | 1785 ||| DROPPING potion of lignification.
  1811 | D:3      | Found Kealijiy's Antique Armour Shop.
  1816 | D:3      | 1816 ||| BUYING ring mail (120 gold).
  1816 | D:3      | Bought a ring mail for 120 gold pieces
  1838 | D:3      | Reached skill level 8 in Ranged Weapons
  1906 | D:3      | 1906 ||| FLEEEEING.
  1907 | D:3      | 1907 ||| FLEEEEING.
  1908 | D:3      | 1908 ||| FLEEEEING.
  1937 | D:3      | Reached XP level 5. HP: 8/29 MP: 7/7
  1937 | D:3      | HP: 4/29 [burnt (4)]
  1937 | D:3      | Slain by an orc

Levels and vault maps discovered:
D:1:      lightli_arrival_noodles, layout_loops_corners, lexackson_kobold_supper
D:2:      layout_basic, minmay_guardbox
D:3:      layout_rooms, nicolae_yredelemnul_ghost_church, serial_shops,
          nicolae_shop_dealshenge, st_stairs_4

Skill      XL: |  1  2  3  4 |
---------------+-------------+-----
Ranged Weapons | 6 7 8 |  8.5
Fighting       | |  1.5
Dodging        | |  2.4
Stealth        | |  1.2

Action                     |  1- 3 |  4- 6 || total
---------------------------+-------+-------++-------
   Fire: Shortbow          |   132 |    69 ||   201
    Use: Scroll            |     2 |     2 ||     4
         Potion            |       |     1 ||     1
 Armour: Leather armour    |    20 |       ||    20
         Scale mail        |    23 |    37 ||    60
  Dodge: Dodged            |    33 |    38 ||    71

Table legend:
 A = Non-vault XP
 B = Vault XP
 C = Vault XP percentage of total XP
 D = Non-vault monster count
 E = Vault monster count
 F = Vault count percentage of total count
                 A         B        C        D         E       F
            +---------+---------+-------+---------+---------+-------
      Total |     157 |      56 |  26.3 |      44 |      22 |  33.3
            +---------+---------+-------+---------+---------+-------
        D:1 |      46 |       8 |  14.8 |      26 |       8 |  23.5
        D:2 |      49 |      45 |  47.9 |      11 |      12 |  52.2
        D:3 |      62 |       3 |   4.6 |       7 |       2 |  22.2
            +---------+---------+-------+---------+---------+-------
